 Dungeon Crawl Stone Soup version 0.30-a0-964-gd452b5e7fa (webtiles) character file.

Game seed: 13146913755224029460

235 Newt the Trooper (level 5, -1/43 HPs)
             Began as a Demonspawn Gladiator on Mar 30, 2023.
             Slain by a scorpion (6 damage)
             ... on level 4 of the Dungeon.
             The game lasted 00:03:36 (3553 turns).

Newt the Trooper (Demonspawn Gladiator)             Turns: 3553, Time: 00:03:36

Health: -1/43      AC:  5    Str: 16    XL:     5   Next: 76%
Magic:  1/1        EV:  2    Int:  6    God:
Gold:   236        SH:  0    Dex: 18    Spells: 4/4 levels left

rFire   . . .      SeeInvis +    y - +6 hand axe of Ragnarok {antimagic, *Slow Will+++ Int-3 Dex+3}
rCold   + . .      Faith    .    (no shield)
rNeg    . . .      Spirit   .    b - +0 leather armour
rPois   .          Reflect  .    r - +1 hat
rElec   .          Rampage  .    E - scarf {+Inv}
rCorr   .                        (no gloves)
Will    +++..                    (no boots)
Stlth   +                        (no amulet)
HPRegen 0.27/turn                g - ring of protection from cold
MPRegen 0.07/turn                l - ring of see invisible

@: lethally poisoned (-1 -> -10), sleeping
A: antennae 1, rugged brown scales 1, powered by pain 1
a: Evoke Invisibility


You were on level 4 of the Dungeon.
You visited 1 branch of the dungeon, and saw 4 of its levels.

You collected 236 gold pieces.

Inventory:

Hand Weapons
 a - a +0 rapier
 y - the +6 hand axe of Ragnarok (weapon) {antimagic, *Slow Will+++ Int-3 Dex+3}
   (You found it on level 2 of the Dungeon)

   Int:       It affects your intelligence (-3).
   Dex:       It affects your dexterity (+3).
   *Slow:     It may slow you when you take damage.
   Will:      It greatly increases your willpower.
Missiles
 d - 2 throwing nets
 e - a javelin
 q - 34 stones (quivered)
 x - 3 poisoned darts
 F - 6 atropa-tipped darts
 G - 2 boomerangs
Armour
 b - a +0 leather armour (worn)
 c - a +0 helmet
 o - a +0 cloak
 r - a +1 hat (worn)
 E - a scarf of invisibility (worn)
Jewellery
 g - a ring of protection from cold (left hand)
 k - a ring of ice
 l - a ring of see invisible (right hand)
 m - a ring of willpower
Scrolls
 n - a scroll of magic mapping {unknown}
 s - 2 scrolls of teleportation
 v - a scroll of enchant weapon {unknown}
 w - a scroll of fear {unknown}
 z - a scroll of fog {unknown}
 A - a scroll of torment {unknown}
 B - 2 scrolls of vulnerability
 C - a scroll of noise
Potions
 f - 2 potions of brilliance
 h - a potion of cancellation
 i - a potion of mutation {unknown}
 j - a potion of invisibility
 p - a potion of flight
 t - a potion of lignification
 u - 3 potions of curing
 D - 2 potions of heal wounds {unknown}


   Skills:
 - Level 4.0 Fighting
 - Level 3.5 Short Blades
 + Level 3.2 Axes
 - Level 1.7 Throwing
 - Level 2.6 Dodging


You had 4 spell levels left.
You didn't know any spells.
Your spell library contained the following spells:

 Spells                   Type           Power      Damage    Failure   Level
 Kiss of Death            Conj/Necr      0%         2d5       52%         1
 Confusing Touch          Hex            0%         N/A       88%         3
 Dispel Undead            Necr           0%         3d6       99%         4


Dungeon Overview and Level Annotations

Branches:
Dungeon (4/15)
 Temple: D:4-7

Altars:


Innate Abilities, Weirdness & Mutations

You have a pair of small antennae on your head.
You are partially covered in rugged brown scales. (AC +1, +3% HP)
You sometimes gain a little power by taking damage.


Message History

You completely miss the hobgoblin. You hit the scorpion.
The scorpion stings you.
You are poisoned.
The scorpion poisons you! The hobgoblin hits you.
The sleepcap releases spores at you but does no damage.
You barely miss the scorpion.
The scorpion is lightly wounded.
You hit the hobgoblin.
You kill the hobgoblin!
You hit the sleepcap.
You feel very sick. The scorpion stings you.
You are more poisoned.
The scorpion poisons you! The scorpion stings you.
The sleepcap releases spores at you.
You are engulfed in a cloud of soporific spores!
You are unaffected.
You hit the scorpion.
The scorpion is moderately wounded.
You hit the sleepcap but do no damage.
You feel very sick.
The scorpion stings you but does no damage.
The sleepcap barely misses you.
Unknown command.
Okay, then.
Throw: 3 throwing nets
Press: ? - help, Shift-Dir - straight line, f - scorpion
Aim: a scorpion (moderately wounded, 63% to hit)
You throw a throwing net.
The throwing net closely misses the scorpion.
* * * LOW HITPOINT WARNING * * *
You feel very sick. The scorpion closely misses you.
The sleepcap releases spores at you.
* * * LOW HITPOINT WARNING * * *
You are engulfed in a cloud of soporific spores!
You fall asleep.
* * * LOW HITPOINT WARNING * * *
You feel very sick. The scorpion stings you.
You die...

#.#..........
##...........# #.....#
.............(# #.#...##
...#..........# #......#
..............# #.#.....
##............# #.#.....
(##.....fs...# ###.......
#(#.....@...####........#
((#......#####...#......#
#(#...!..# ##<###.#.....
(##......# #..# #.#.....
###......####.## #.#.....
#.###.....#.# #.#..... #.
#.....#.## #.##.... #
#........###.##....
#............###...


You could see a sleepcap, a scorpion and 3 dancing weapons.

Vanquished Creatures
  An orc priest (D:3)
  An orc wizard (D:3)
  5 gnolls
  3 adders (D:2)
  A worm (D:2)
  A dart slug (D:2)
  4 orcs (D:3)
  15 endoplasms
  4 giant cockroaches
  7 goblins
  11 hobgoblins
  6 jackals
  4 quokkas
  9 ball pythons
  3 bats
  5 frilled lizards
  6 kobolds
  5 rats
91 creatures vanquished.

Notes
Turn   | Place    | Note
-------+----------+-------------------------------------------
     0 | D:1      | Newt the Demonspawn Gladiator began the quest for the Orb.
     0 | D:1      | Reached XP level 1. HP: 16/16 MP: 1/1
    86 | D:1      | Found a faded altar of an unknown god.
   218 | D:1      | Gained mutation: You have a pair of small antennae on your
                  | head. [demonic ancestry]
   218 | D:1      | Reached XP level 2. HP: 23/23 MP: 2/2
   271 | D:1      | Reached skill level 3 in Fighting
   456 | D:1      | Reached XP level 3. HP: 23/29 MP: 3/3
  1084 | D:2      | Reached skill level 4 in Fighting
  1550 | D:2      | Gained mutation: You are partially covered in rugged brown
                  | scales. (AC +1, +3% HP) [demonic ancestry]
  1550 | D:2      | Reached XP level 4. HP: 30/38 MP: 4/4
  1875 | D:2      | Identified the +6 hand axe of Ragnarok {antimagic, *Slow
                  | Will+++ Int-3 Dex+3}
  2480 | D:3      | Reached skill level 1 in Axes
  2483 | D:3      | Gained mutation: You sometimes gain a little power by
                  | taking damage. [demonic ancestry]
  2483 | D:3      | Reached XP level 5. HP: 40/43 MP: 1/5
  3540 | D:4      | Noticed a +0 dagger
  3540 | D:4      | Noticed a +0 short sword
  3540 | D:4      | Noticed a +0 falchion
  3540 | D:4      | Noticed a +0 short sword
  3541 | D:4      | Noticed a +0 spear
  3543 | D:4      | Noticed a +0 falchion
  3553 | D:4      | Slain by a scorpion

Illustrated notes

Levels and vault maps discovered:
D:1:      dpeg_arrival_triangle_fractal, layout_loops_ring,
          basic_ecumenical_altar, minmay_pentomino_z2
D:2:      kennysheep_six_static_rooms, layout_basic, minmay_increasing_density
D:3:      layout_basic, kennysheep_boxes
D:4:      gammafunk_cloud_chamber, layout_rooms, nicolae_uskayaw_en_pointe

Skill      XL: |  1  2  3  4  5 |
---------------+----------------+-----
Fighting       | 3 4 |  4.0
Short Blades   | 3 |  3.5
Axes           | 1 3 |  3.2
Throwing       | |  1.7
Dodging        | |  2.6

Action                     |  1- 3 |  4- 6 || total
---------------------------+-------+-------++-------
  Melee: Rapier            |   173 |    37 ||   210
         Punch             |     3 |     1 ||     4
         Hand axe          |       |    86 ||    86
  Throw: Throwing net      |     1 |     1 ||     2
    Use: Scroll            |       |     8 ||     8
         Potion            |       |     1 ||     1
   Stab: Sleeping          |     2 |     1 ||     3
 Armour: Leather armour    |    59 |    23 ||    82
  Dodge: Dodged            |   121 |    71 ||   192

Table legend: (Time is in decaauts)
 A = Elapsed time spent in this place.
 B = Non-inter-level travel time spent in this place.
 C = Inter-level travel time spent in this place.
 D = Time resting spent in this place.
 E = Time spent auto-exploring this place.
 F = Levels seen in this place.
 G = Mean time per level.
                   A        B        C        D        E       F      G
               +--------+--------+--------+--------+--------+-----+--------+
         Total |   3597 |   3422 |    175 |    372 |   2401 |   4 |  899.2 |
       Dungeon |   3597 |   3422 |    175 |    372 |   2401 |   4 |  899.2 |
               +--------+--------+--------+--------+--------+-----+--------+

Top non-repeatable levels by time:
     D:2: 1406 daAuts
     D:1: 1083 daAuts
     D:3: 1041 daAuts
     D:4: 67 daAuts
